 Dungeon Crawl Stone Soup version 0.21.1-1-g345015f (webtiles) character file.

126 inc the Magician (level 5, -2/31 HPs)
             Began as an Octopode Ice Elementalist on Mar 16, 2018.
             Slain by a centaur (5 damage)
             ... on level 5 of the Dungeon.
             The game lasted 00:04:09 (2691 turns).

inc the Magician (Octopode Ice Elementalist)        Turns: 2691, Time: 00:04:10

Health: -2/31      AC:  1    Str:  7    XL:     5   Next: 9%
Magic:  7/12       EV: 13    Int: 18    God:
Gold:   63         SH:  0    Dex: 13    Spells: 12/13 levels left

rFire    . . .     SeeInvis .   j - +2 dagger (venom)
rCold    . . .     Gourm    .   (no shield)
rNeg     . . .     Faith    .   (helmet restricted)
rPois    .         Spirit   .   (no amulet)
rElec    .         Reflect  .   f - ring of protection from magic
rCorr    .         Harm     .   (no ring)
MR       +....                  (no ring)
Stlth    +++.......             (no ring)
HPRegen  0.10/turn              (no ring)
MPRegen  0.13/turn              (no ring)
                                (no ring)
                                (no ring)

@: no status effects
A: almost no armour, stealthy swim, amphibious, 8 rings, constrict 8, camouflage
1, gelatinous body 1
a: no special abilities


You were on level 5 of the Dungeon.
You were not hungry.

You visited 1 branch of the dungeon, and saw 5 of its levels.

You collected 63 gold pieces.

Inventory:

Hand Weapons
 j - a +2 dagger of venom (weapon)
Jewellery
 f - a ring of protection from magic (left tentacle)
 h - an uncursed ring of loudness
Scrolls
 k - 2 scrolls of random uselessness {unknown}
 l - a scroll of enchant armour {unknown}
 m - 3 scrolls of remove curse
 p - 2 scrolls of fear {unknown}
Potions
 c - a potion of degeneration {unknown}
 d - a potion of might {unknown}
 e - 2 potions of curing {unknown}
 g - a potion of flight {unknown}
 i - a potion of berserk rage {unknown}
 n - a potion of magic {unknown}
 o - a potion of invisibility {unknown}
 q - a potion of mutation {unknown}
 s - a potion of heal wounds
Books
 a - a book of Frost

   Spells                             Type                      Level
   a - Freeze                         Ice                          1
   b - Throw Frost                    Conjuration/Ice              2
   c - Ozocubu's Armour               Charms/Ice                   3
   d - Throw Icicle                   Conjuration/Ice              4
   e - Summon Ice Beast               Ice/Summoning                4
Comestibles
 b - 6 rations


   Skills:
 - Level 2.0 Dodging
 - Level 2.6 Stealth
 + Level 4.7 Spellcasting
   Level 1.0 Conjurations
 - Level 3.0 Ice Magic


You had 12 spell levels left.
You knew the following spells:

 Your Spells              Type           Power        Failure   Level  Hunger
a - Freeze                Ice            ###.         4%          1    None


Dungeon Overview and Level Annotations

Branches:
Dungeon (5/15)
 Temple: D:4-7

Altars:

Annotations:
D:2 1 runed door
D:3 letownia2's ghost, weakling MfSk
D:4 Blork the orc; Sigmund


Innate Abilities, Weirdness & Mutations

You cannot wear most types of armour.
You are very stealthy in the water. (Stealth+)
You are amphibious.
You can wear up to eight rings at the same time.
You can use your tentacles to constrict eight enemies at once.
Your skin changes colour to match your surroundings (Stealth+).
Your rubbery body absorbs attacks. (AC +1, EV +1)


Message History

* * * LOW HITPOINT WARNING * * *
The centaur closely misses you.
Casting: Freeze
Confirm with . or Enter, or press ? or * to list all spells.
Aiming: Freeze
Press: ? - help, Shift-Dir - straight line, f/p - centaur
Aim: a centaur (moderately wounded)
You freeze the centaur.
The centaur is heavily wounded.
The centaur hits you.
* * * LOW HITPOINT WARNING * * *
Casting: Freeze
Confirm with . or Enter, or press ? or * to list all spells.
Aiming: Freeze
Press: ? - help, Shift-Dir - straight line, f/p - centaur
Aim: a centaur (heavily wounded)
You freeze the centaur.
The centaur is severely wounded.
The centaur barely misses you. The centaur hits you.
You die...

##..... .##.....# c.
#......#.. ..
..!......... #(
#.####.####.. #. ##..# #§
#.# #. ###...# ##§## #.#
###.##.....#########.#
##...c@......§§#8#.§..#
#....(......#########..
#...........# ##.# #..
#............# #§# #..
#............####.####..
#..........#............
#.........#..######......
#.####.#####..# #......
## ## ##..# #......


You could see a centaur.

Vanquished Creatures
  A howler monkey (D:3)
  3 adders
  A worm (D:2)
  2 dart slugs (D:2)
  2 leopard geckos
  A ball python (D:3)
  4 giant cockroaches
  8 goblins
  7 hobgoblins
  3 jackals (D:2)
  5 kobolds (D:3)
  2 quokkas
  4 frilled lizards
  7 rats
50 creatures vanquished.

Notes
Turn   | Place    | Note
-------+----------+-------------------------------------------
     0 | D:1      | inc the Octopode Ice Elementalist began the quest for the Orb.
     0 | D:1      | Reached XP level 1. HP: 11/11 MP: 3/3
   368 | D:1      | Reached XP level 2. HP: 3/17 MP: 3/5
  1021 | D:1      | Reached skill level 3 in Spellcasting
  1172 | D:1      | Reached XP level 3. HP: 8/21 MP: 1/7
  1530 | D:2      | Found a runed door.
  2075 | D:3      | Reached skill level 4 in Spellcasting
  2075 | D:3      | Reached XP level 4. HP: 25/27 MP: 8/10
  2170 | D:3      | Reached XP level 5. HP: 10/31 MP: 1/11
  2445 | D:3      | Noticed letownia2's ghost (weakling MfSk)
  2488 | D:4      | Noticed Sigmund
  2531 | D:4      | Noticed Blork the orc
  2531 | D:4      | Noticed a phantom
  2550 | D:5      | Entered Level 5 of the Dungeon
  2678 | D:5      | Noticed a centaur
  2691 | D:5      | Slain by a centaur

Skill      XL: |  1  2  3 |
---------------+----------+-----
Spellcasting   | 3 4 |  4.7
Dodging        | |  2.0
Stealth        | |  2.6
Conjurations   | |  1.0
Ice Magic      | |  3.0

Action                   |  1- 3 |  4- 6 || total
-------------------------+-------+-------++-------
Melee: Unarmed           |    15 |       ||    15
       Constrict         |    10 |     1 ||    11
       Tentacles         |     4 |     2 ||     6
       Dagger            |    19 |    13 ||    32
 Cast: Freeze            |    37 |    25 ||    62
  Use: Scroll            |     3 |       ||     3
 Stab: Sleeping          |     6 |     2 ||     8
  Eat: Chunk             |     3 |     2 ||     5
Armor: Skin              |     5 |     2 ||     7
Dodge: Dodged            |    29 |    26 ||    55
